 Dungeon Crawl Stone Soup version 0.24.0-2-g5b39cebb1c (webtiles) character file.

Game seed: 7926135937763345524, levelgen mode: deterministic

7247 Gildeon the Geomancer (level 11, -2/60 HPs)
             Began as a Gargoyle Earth Elementalist on Oct 31, 2019.
             Was the Champion of Cheibriados.
             Slain by an unseen horror (4 damage)
             ... on level 10 of the Dungeon.
             The game lasted 01:05:33 (10398 turns).

Gildeon the Geomancer (GrEE)                       Turns: 10398, Time: 01:05:33

Health: -2/60      AC: 16    Str: 26    XL:     11   Next: 12%
Magic:  20/20      EV: 16    Int: 35    God:    Cheibriados [******]
Gold:   350        SH:  6    Dex: 28    Spells: 0/22 levels left

rFire    . . .     SeeInvis .   s - +3 flail (drain)
rCold    + . .     Gourm    .   (no shield)
rNeg     + . .     Faith    .   u - +1 ring mail of the Saviour {Dex+3}
rPois    ∞         Spirit   .   w - +0 helmet
rElec    +         Reflect  +   n - +0 cloak
rCorr    +         Harm     .   (no gloves)
MR       .....                  (no boots)
Stlth    +++.......             C - +6 amulet of reflection
HPRegen  0.20/turn              K - ring of resist corrosion
MPRegen  0.17/turn              F - ring of protection from cold

@: very slow
A: negative energy resistance 1, electricity resistance, unbreathing,
petrification resistance, rot immunity, AC +8
a: Bend Time, Temporal Distortion, Slouch, Step From Time, Renounce Religion


You were on level 10 of the Dungeon.
You worshipped Cheibriados.
Cheibriados was exalted by your worship.
You were not hungry.

You visited 2 branches of the dungeon, and saw 11 of its levels.
You also visited: Ossuary.

You collected 804 gold pieces.
You spent 454 gold pieces at shops.

Inventory:

Hand Weapons
 s - a +3 flail of draining (weapon)
 v - a +6 hand axe of flaming
Missiles
 b - 29 stones
 p - 27 poisoned darts (quivered)
 E - 4 curare-tipped darts
Armour
 j - a +2 leather armour of magic resistance
 n - a +0 cloak (worn)
 u - the +1 ring mail of the Saviour (worn) {Dex+3}
   (You found it on level 3 of the Dungeon)

   It affects your dexterity (+3).
 w - a +0 helmet (worn)
Magical Staves
 J - an uncursed staff of energy
Jewellery
 c - an uncursed amulet of magic regeneration
 r - an uncursed ring of flight
 x - an uncursed ring of fire
 C - a +6 amulet of reflection (around neck)
 F - a ring of protection from cold (right hand)
 K - a ring of resist corrosion (left hand)
Wands
 e - a wand of iceblast (17)
 y - a wand of polymorph (36)
 B - a wand of flame (30)
 G - a wand of digging (5)
Scrolls
 g - 5 scrolls of teleportation
 i - 4 scrolls of remove curse
 o - 2 scrolls of fear
 z - 2 scrolls of blinking
 H - 3 scrolls of magic mapping
Potions
 a - 2 potions of brilliance
 f - 4 potions of curing
 h - 3 potions of might
 k - a potion of invisibility {unknown}
 l - 4 potions of heal wounds
 m - 6 potions of lignification
 q - a potion of flight {unknown}
 t - a potion of ambrosia {unknown}
 A - 2 potions of cancellation
 D - a potion of magic {unknown}
 M - 2 potions of agility {unknown}
Miscellaneous
 L - a lightning rod (4/4)
Comestibles
 d - 26 rations
 I - 5 chunks of flesh


   Skills:
 - Level 3.0 Fighting
 + Level 2.3 Maces & Flails
 + Level 2.2 Throwing
 - Level 3.1 Armour
 + Level 5.4 Dodging
 - Level 5.0 Stealth
 + Level 6.3 Spellcasting
 - Level 4.1 Conjurations
 + Level 2.6 Hexes
 + Level 2.2 Summonings
 + Level 2.0 Necromancy
 + Level 2.0 Translocations
 - Level 3.0 Transmutations
 - Level 8.0 Earth Magic
 - Level 5.0 Invocations
 - Level 5.0 Evocations


You couldn't memorise any spells.
You knew the following spells:

 Your Spells              Type           Power        Failure   Level  Hunger
a - Sandblast             Erth           ######       1%          1    None
b - Passwall              Tmut/Erth      #####...     1%          2    None
c - Stone Arrow           Conj/Erth      ######       1%          3    None
d - Petrify               Tmut/Erth      #####...     5%          4    ##.....
e - Lee's Rapid Deconstr  Erth           ######....   5%          5    ####...
f - Confusing Touch       Hex            ####..       1%          1    None
g - Slow                  Hex            ####....     2%          2    None
h - Summon Small Mammal   Summ           ####         2%          1    None
i - Animate Skeleton      Necr           N/A          2%          1    None
j - Blink                 Tloc           N/A          3%          2    None

Your spell library contained the following spells:

 Spells                   Type           Power        Failure   Level  Hunger
 Magic Dart               Conj           ####         1%          1    None
 Apportation              Tloc           ####..       2%          1    None
 Call Imp                 Summ           ####....     3%          2    None
 Conjure Flame            Conj/Fire      ####....     7%          3    None
 Mephitic Cloud           Conj/Pois/Air  ###.....     9%          3    None


Dungeon Overview and Level Annotations

Branches:
Dungeon (10/15)            Temple (1/1) D:5         Ossuary (visited)
   Lair: D:8-11         Orc: D:9-12

Altars:
Ashenzari
Cheibriados
Dithmenos
Elyvilon
Fedhas
Gozag
Hepliaklqana
Kikubaaqudgha
Makhleb
Nemelex Xobeh
Okawaru
Qazlal
Ru
Sif Muna
Trog
Uskayaw
Vehumet
Wu Jian
Xom
Yredelemnul
Zin
The Shining One

Shops:
D:5 *   D:6 :(

Annotations:
D:10 4 runed translucent doors


Innate Abilities, Weirdness & Mutations

You are resistant to torment.
Your stone body is resilient. (AC +8)
You are immune to poison.
You resist negative energy. (rN+)
You are resistant to electric shocks. (rElec)
You can survive without breathing.
You are immune to petrification.
You are immune to rotting.


Message History

Something hits you.
* * * LOW HITPOINT WARNING * * *
You miss something. Something hits you.
* * * LOW HITPOINT WARNING * * *
Something hits you but does no damage. Something hits you but does no damage.
Things that are here:
a +0 short sword; an orc skeleton There isn't anything to butcher here.
Something hits you but does no damage.
Items here: )) [[ a +0 club; a +0 chain mail; a +0 glaive; a +0 plate armour There isn't anything to butcher here.
Something hits you!
* * * LOW HITPOINT WARNING * * *
Something hits you but does no damage.
Things that are here:
a +0 club; a +0 leather armour; an orc skeleton Something hits you.
You die...

#8....8#.#
#8:$8##.#
..######..#
#.........#
####.###..#
#......# ######.#
#.###############.#
#......)@).........
###########........
#........ #........
#........ #........
#........ #########


There were no monsters in sight!

Vanquished Creatures
  3 hippogriffs
  A vampire (D:10)
  A human (D:9)
  5 yaks (D:9)
  A hungry ghost (D:10)
  3 hogs (D:9)
  2 orc warriors
  2 sky beasts
  5 ice beasts
  A black bear (D:6)
  A phantom (D:5)
  12 ogres
  2 centaurs (D:9)
  2 crocodiles (D:10)
  A big kobold (D:8)
  An elf zombie (Ossuary)
  6 bullfrogs
  A water moccasin skeleton (D:9)
  6 killer bees (D:9)
  3 wights (D:8)
  2 howler monkeys
  4 crimson imps
  7 hounds
  2 human zombies (Ossuary)
  3 centaur zombies
  2 jellies
  7 orc priests
  Crazy Yiuf (D:6)
  A bullfrog skeleton (D:10)
  3 iguanas
  Ijyb (D:5)
  8 orc wizards
  5 worker ants
  2 big kobold zombies (Ossuary)
  A hound skeleton (D:6)
  2 mummies (Ossuary)
  A worker ant zombie (D:9)
  Robin (D:2)
  7 gnolls
  A howler monkey skeleton (D:5)
  14 adders
  4 shadow imps
  An ooze (D:1)
  An adder skeleton (D:6)
  2 worms
  5 dart slugs
  3 leopard geckos
  42 orcs
  5 giant cockroaches
  17 goblins
  8 hobgoblins
  4 jackals (D:1)
  17 kobolds
  7 quokkas
  11 bats
  8 frilled lizards
  2 goblin zombies (Ossuary)
  8 hobgoblin zombies (Ossuary)
  A jackal zombie (Ossuary)
  7 kobold zombies (Ossuary)
  2 leopard gecko skeletons
  13 orc zombies (Ossuary)
  A quokka skeleton (D:8)
  8 rats
  A rat zombie (Ossuary)
312 creatures vanquished.

Notes
Turn   | Place    | Note
-------+----------+-------------------------------------------
     0 | D:1      | Gildeon the Gargoyle Earth Elementalist began the quest for
                  | the Orb.
     0 | D:1      | Reached XP level 1. HP: 10/10 MP: 3/3
   323 | D:1      | Reached XP level 2. HP: 15/15 MP: 1/5
   331 | D:1      | Learned a level 2 spell: Passwall
   481 | D:1      | Reached skill level 4 in Earth Magic
   690 | D:1      | Reached XP level 3. HP: 7/19 MP: 1/6
   960 | D:1      | Learned a level 3 spell: Stone Arrow
  1070 | D:2      | Found a blossoming altar of Fedhas.
  1386 | D:2      | Noticed Robin
  1391 | D:2      | Killed Robin
  1391 | D:2      | Reached XP level 4. HP: 15/24 MP: 3/8
  1742 | D:2      | Found a snail-covered altar of Cheibriados.
  1769 | D:2      | Became a worshipper of Cheibriados the Contemplative
  2008 | D:3      | Reached XP level 5. HP: 21/28 MP: 6/9
  2017 | D:3      | Learned a level 4 spell: Petrify
  2360 | D:3      | Reached skill level 5 in Earth Magic
  2582 | D:3      | Reached * piety under Cheibriados
  2977 | D:3      | Got a shimmering ring mail
  3000 | D:3      | Reached XP level 6. HP: 28/32 MP: 11/11
  3269 | D:3      | Identified the cursed +1 ring mail of the Saviour {Dex+3}
                  | (You found it on level 3 of the Dungeon)
  3320 | D:4      | Reached skill level 1 in Conjurations
  3426 | D:4      | Reached XP level 7. HP: 22/36 MP: 5/13
  3811 | D:4      | Reached skill level 1 in Invocations
  3927 | D:4      | Reached ** piety under Cheibriados
  4226 | D:5      | Entered Level 5 of the Dungeon
  4226 | D:5      | Noticed Ijyb
  4234 | D:5      | Killed Ijyb
  4234 | D:5      | Reached skill level 1 in Fighting
  4234 | D:5      | Reached skill level 1 in Evocations
  4338 | D:5      | Reached XP level 8. HP: 11/43 MP: 8/14
  4345 | D:5      | Learned a level 5 spell: Lee's Rapid Deconstruction
  4347 | D:5      | Learned a level 1 spell: Confusing Touch
  4663 | D:5      | Found a white marble altar of Elyvilon.
  4860 | D:5      | Found a staircase to the Ecumenical Temple.
  4866 | Temple   | Entered the Ecumenical Temple
  5160 | D:5      | Found an opulent altar of Gozag.
  5189 | D:5      | Found a sacrificial altar of Ru.
  5237 | D:5      | Found Osickyus's General Store.
  5261 | D:5      | Bought a scroll of enchant weapon for 97 gold pieces
  5261 | D:5      | Bought a scroll of blinking for 97 gold pieces
  5412 | D:6      | Reached skill level 5 in Spellcasting
  5487 | D:6      | Found a radiant altar of Vehumet.
  5500 | D:6      | Reached skill level 1 in Armour
  5502 | D:6      | Reached skill level 1 in Transmutations
  5512 | D:6      | Learned a level 1 spell: Apportation
  5703 | D:6      | Found a sand-covered staircase.
  5707 | Ossuary  | Entered an ossuary
  5774 | Ossuary  | Reached *** piety under Cheibriados
  6148 | Ossuary  | Reached skill level 1 in Hexes
  6200 | D:6      | Reached XP level 9. HP: 49/49 MP: 14/16
  6214 | D:6      | Learned a level 1 spell: Summon Small Mammal
  6223 | D:6      | Found Maca's Book Shoppe.
  6227 | D:6      | Bought a book of Minor Magic for 260 gold pieces
  6348 | D:6      | Reached **** piety under Cheibriados
  6400 | D:6      | Found Taschopp's Weapon Boutique.
  6442 | D:6      | Found a glowing silver altar of Zin.
  6610 | D:6      | Found a runed translucent door.
  6611 | D:6      | Noticed Crazy Yiuf
  6617 | D:6      | Killed Crazy Yiuf
  7452 | D:7      | Reached skill level 5 in Dodging
  7763 | D:8      | Reached ***** piety under Cheibriados
  7847 | D:8      | Reached skill level 6 in Earth Magic
  7933 | D:8      | Reached skill level 5 in Stealth
  8292 | D:8      | Reached XP level 10. HP: 56/56 MP: 17/17
  8299 | D:8      | Learned a level 1 spell: Animate Skeleton
  8395 | D:8      | Reached skill level 5 in Invocations
  8632 | D:8      | Found a basalt altar of Yredelemnul.
  8635 | D:8      | Found a shadowy altar of Dithmenos.
  8746 | D:9      | Reached skill level 7 in Earth Magic
  9262 | D:9      | Reached ****** piety under Cheibriados
  9271 | D:9      | Reached skill level 5 in Evocations
  9716 | D:9      | Reached skill level 1 in Maces & Flails
  9716 | D:9      | Reached skill level 1 in Summonings
  9716 | D:9      | Reached skill level 1 in Necromancy
  9716 | D:9      | Reached skill level 8 in Earth Magic
  9718 | D:9      | Reached skill level 1 in Throwing
  9722 | D:9      | Reached skill level 1 in Translocations
  9749 | D:9      | Learned a level 2 spell: Blink
  9924 | D:10     | Entered Level 10 of the Dungeon
 10072 | D:10     | Reached XP level 11. HP: 60/60 MP: 20/20
 10097 | D:10     | Learned a level 2 spell: Slow
 10232 | D:10     | Found a large runed translucent door.
 10232 | D:10     | Found a large runed translucent door.
 10298 | D:10     | Found a large runed translucent door.
 10298 | D:10     | Found a large runed translucent door.
 10397 | D:10     | HP: 2/60 [something (8)]
 10398 | D:10     | Slain by an unseen horror

Levels and vault maps discovered:
D:1:      dpeg_arrival_water_temple_mockup, layout_rooms
D:2:      layout_basic, kennysheep_slug_shrine, lemuel_crystal_altar,
          first_ration, uniq_robin
D:3:      minmay_diamond_boxcup, layout_basic
D:4:      layout_rooms, st_stairs_13, chequers_serial_rivers_small_3
D:5:      layout_loops_ring, marbit_many_paths, nicolae_ru_awakened_eye,
          kennysheep_mini_moat, minmay_temple_entry_gardened_gates,
          serial_shops, shop_coins, uniq_ijyb
D:6:      layout_loops_cross, zin_treasury, vehumet_altar_wand_db,
          enter_ossuary_5, serial_shops,
          nicolae_shop_competitors_out_of_business, shop, fountainhead,
          uniq_crazy_yiuf_cottage
D:7:      layout_cave_pools
D:8:      layout_loops_ring, minitemple
D:9:      layout_stronghold, grunt_livestock
D:10:     cheibrodos_shockbox, layout_basic, minmay_hollow_rounded_squares
Temple:   dshaligram_water_room_temple

Skill      XL: |  1  2  3  4  5  6  7  8  9 10 11 |
---------------+----------------------------------+-----
Earth Magic    | 4 5 6 8 |  8.0
Dodging        | 2 3 4 5 |  5.4
Spellcasting   | 3 4 5 6 |  6.3
Conjurations   | 2 3 4 |  4.1
Invocations    | 1 3 4 5 |  5.0
Fighting       | 1 2 3 |  3.0
Evocations     | 1 2 3 5 |  5.0
Stealth        | 3 4 5 |  5.0
Armour         | 1 3 |  3.1
Transmutations | 1 3 |  3.0
Hexes          | 1 2 |  2.6
Maces & Flails | 1 2 |  2.3
Summonings     | 1 2 |  2.2
Necromancy     | 1 2 |  2.0
Throwing       | 1 2 |  2.2
Translocations | 1 2 |  2.0

Action                   |  1- 3 |  4- 6 |  7- 9 | 10-12 || total
-------------------------+-------+-------+-------+-------++-------
Melee: Whip              |    59 |    45 |       |       ||   104
       Flail             |       |    85 |   398 |   146 ||   629
Throw: Dart              |       |    11 |    66 |     9 ||    86
       Stone             |       |       |     3 |       ||     3
 Cast: Sandblast         |    28 |    69 |   101 |    74 ||   272
       Confusing Touch   |       |       |     1 |     2 ||     3
       Stone Arrow       |       |       |       |     4 ||     4
Evoke: Wand              |       |       |       |     2 ||     2
  Use: Scroll            |     4 |     7 |     7 |     2 ||    20
 Stab: Sleeping          |     1 |     2 |    10 |     3 ||    16
       Confused          |       |       |       |     1 ||     1
  Eat: Ration            |     1 |       |       |       ||     1
       Chunk             |       |    15 |     4 |       ||    19
Armor: Robe              |    22 |    58 |       |       ||    80
       Ring mail         |       |    24 |   209 |   114 ||   347
Dodge: Dodged            |    60 |   140 |   344 |   173 ||   717
Block: Other             |       |       |    53 |    71 ||   124
       Reflection        |       |       |     3 |       ||     3
